 Dungeon Crawl Stone Soup version 0.21-a0-450-gd87a9b2 (webtiles) character file.

2772 Gorice the Spear-Bearer (level 9, -1/59 HPs)
             Began as a Demonspawn Wanderer on Nov 18, 2017.
             Was a Follower of Qazlal.
             Slain by a sun demon (18 damage)
             ... summoned by a kobold demonologist
             ... on level 7 of the Dungeon.
             The game lasted 00:28:42 (8753 turns).

Gorice the Spear-Bearer (Demonspawn Wanderer)       Turns: 8753, Time: 00:28:42

Health: -1/59      AC: 18    Str: 21    XL:     9   Next: 42%
Magic:  9/9        EV:  8    Int: 13    God:    Qazlal [*.....]
Gold:   412        SH:  2    Dex: 12    Spells: 8/8 levels left

rFire    . . .     SeeInvis .   a - +0 spear
rCold    . . .     Gourm    .   (no shield)
rNeg     . . .     Faith    .   s - +0 chain mail
rPois    .         Spirit   .   e - +1 hat
rElec    .         Reflect  .   I - +0 cloak
rCorr    .         Harm     .   n - +0 pair of gloves
MR       +....                  k - +0 pair of boots
Stlth    ..........             (no amulet)
HPRegen  0.19/turn              g - +4 ring of strength
MPRegen  0.11/turn              C - ring of protection from magic

@: no status effects
A: horns 1, yellow scales 2, foul stench 1, powered by pain 1, rot immunity
a: Renounce Religion


You were on level 7 of the Dungeon.
You worshipped Qazlal.
Qazlal was aware of your devotion.
You were hungry.

You visited 2 branches of the dungeon, and saw 8 of its levels.

You collected 412 gold pieces.

Inventory:

Hand Weapons
 a - a +0 spear (weapon)
 b - a +2 hunting sling of freezing
   (You found it on level 4 of the Dungeon)
 B - a +0 quarterstaff
 D - a +0 hunting sling
Missiles
 m - 75 bolts
 p - 5 needles of sleeping
 q - 3 steel tomahawks (quivered)
 v - 51 sling bullets
 Y - 222 stones
 Z - 3 throwing nets
Armour
 d - a +0 ring mail
 e - a +1 hat (worn)
 k - a +0 pair of boots (worn)
 n - a +0 pair of gloves (worn)
 s - a +0 chain mail (worn)
 I - a +0 cloak (worn)
Jewellery
 g - a +4 ring of strength (left hand)
 r - an uncursed ring of wizardry
 C - a ring of protection from magic (right hand)
 F - an uncursed ring of fire
Wands
 y - a wand of iceblast (4/15)
 P - a wand of flame (16/48)
 Q - a wand of acid (0/15)
Scrolls
 j - 6 scrolls of remove curse
 l - 2 scrolls of teleportation {!r}
 t - 4 scrolls of amnesia
 K - a scroll of fear {!r}
 N - a scroll of recharging
Potions
 c - a potion of lignification {!q}
 i - 2 potions of resistance {!q}
 o - 2 potions of curing
 w - 5 potions of flight
 x - a potion of might {!q}
 z - 2 potions of invisibility {!q}
 A - 2 potions of heal wounds {unknown}
 E - a potion of magic {unknown}
 G - a potion of berserk rage
 H - a potion of haste {unknown}
 O - a potion of mutation {unknown}
Books
 J - a book of Clouds
Comestibles
 f - 5 bread rations {!e}
 h - 6 royal jellies
 u - 24 fruits
 L - 2 meat rations {!e}


   Skills:
 - Level 1.0 Fighting
 * Level 9.9 Polearms
 + Level 7.1 Armour
 - Level 1.7 Dodging
 - Level 1.0 Stealth
   Level 1.0 Shields
 - Level 1.0 Evocations


You had 8 spell levels left.
You didn't know any spells.

Dungeon Overview and Level Annotations

Branches:
Dungeon (7/15)             Temple (1/1) D:4

Altars:
Ashenzari
Cheibriados
Dithmenos
Elyvilon
Fedhas
Gozag
Hepliaklqana
Kikubaaqudgha
Makhleb
Nemelex Xobeh
Okawaru
Qazlal
Ru
Sif Muna
Trog
Uskayaw
Vehumet
Wu Jian
Xom
Yredelemnul
Zin
The Shining One

Shops:
D:4 *   D:5 !


Innate Abilities, Weirdness & Mutations

You have a pair of small horns on your head.
You are mostly covered in yellow scales. (AC +3)
You may emit foul miasma when damaged in melee.
You sometimes gain a little power by taking damage.
You are immune to rotting.


Message History

Really target yourself?
Okay, then.
Unknown command.
Unknown command.
You now have 412 gold pieces (gained 9).
v - 53 sling bullets (gained 1)
v - 54 sling bullets (gained 1)
Found a stone staircase leading down.
A kobold demonologist comes into view. It is wielding a dagger.
Firing (i - inventory. (,) - cycle):
v - 54 sling bullets (quivered)
Press: ? - help, Shift-Dir - straight line, f - kobold demonologist
Aim: a kobold demonologist, wielding a dagger, wearing a robe and wearing a tubular steel ring (hasn't noticed you)
You shoot a sling bullet. The kobold demonologist shouts!
The sling bullet hits the kobold demonologist!
The sling bullet freezes the kobold demonologist.
The kobold demonologist is moderately wounded.
You hear an angry hiss.
Firing (i - inventory. (,) - cycle):
v - 53 sling bullets (quivered)
Press: ? - help, Shift-Dir - straight line, f/p - kobold demonologist
Aim: a kobold demonologist, wielding a dagger, wearing a robe and wearing a tubular steel ring (moderately wounded)
You shoot a sling bullet.
The sling bullet barely misses the kobold demonologist.
The kobold demonologist mumbles some strange words.
Firing (i - inventory. (,) - cycle):
v - 52 sling bullets (quivered)
Press: ? - help, Shift-Dir - straight line, f/p - kobold demonologist
Aim: a kobold demonologist, wielding a dagger, wearing a robe and wearing a tubular steel ring (moderately wounded)
You shoot a sling bullet.
The sling bullet closely misses the kobold demonologist.
The kobold demonologist hits you but does no damage.
Your +2 hunting sling of freezing stops glowing.
a - a +0 spear (weapon)
You block the sun demon's attack.
You barely miss the kobold demonologist.
Your headbutt misses the kobold demonologist.
The kobold demonologist is moderately wounded.
The kobold demonologist mumbles some strange words.
The sun demon is engulfed in freezing vapours.
The sun demon hits you!!
You are engulfed in flames!
* * * LOW HITPOINT WARNING * * *
Damage: 30 (max 30)
You hit the ufetubus.
The ufetubus is severely wounded.
Unknown command.
A water moccasin comes into view.
The sun demon is engulfed in freezing vapours.
The sun demon hits you!
* * * LOW HITPOINT WARNING * * *
You are engulfed in flames!!
You die...

#...........#
#....>......#
#...........##
#............###
######.#.#.........##
###...............#....
#...5.......#######.###
#...5.....#......##.# #
#.((K3@...##.###.##.# #
..S(###5#...........#.###
. #.###.........#..##
..###.###..............
....................[..
..#####.#............#.
#............#####..#
#..........#....###..
#^.........####..####


You could see a sun demon, a kobold demonologist, a water moccasin, an iron imp,
a crimson imp and an ufetubus.

Vanquished Creatures
  A two-headed ogre (D:6)
  A hippogriff (D:7)
  Eustachio (D:4)
  2 ice beasts
  3 ogres
  2 centaurs (D:5)
  The ghost of p0werm0de the Digger, an amateur OpEE (D:4)
  Blork the orc (D:6)
  2 scorpions
  2 crimson imps (D:6)
  A centaur zombie (D:7)
  A hound (D:6)
  A jelly (D:6)
  Crazy Yiuf (D:5)
  2 orc priests
  8 orc wizards
  2 bullfrog skeletons
  A centaur skeleton (D:7)
  Jessica (D:3)
  Ijyb (D:3)
  Terence (D:3)
  An iguana (D:6)
  4 worker ants
  A killer bee zombie (D:6)
  Robin (D:2)
  10 adders
  A shadow imp (D:5)
  2 oozes
  An adder skeleton (D:7)
  3 worms
  2 dart slugs
  4 leopard geckos
  22 orcs
  5 bats
  A giant cockroach (D:3)
  15 goblins
  11 hobgoblins
  3 jackals
  6 kobolds
  3 quokkas
  A ball python (D:6)
  8 frilled lizards
  A quokka skeleton (D:7)
  A fungus (D:5)
143 creatures vanquished.

Notes
Turn   | Place    | Note
-------+----------+-------------------------------------------
     0 | D:1      | Gorice the Demonspawn Wanderer began the quest for the Orb.
     0 | D:1      | Gorice set off with: a +0 leather armour, a +0 spear, a +0 ring mail, a bread ration {!e}, 2 throwing nets
     0 | D:1      | Reached XP level 1. HP: 15/15 MP: 1/1
    82 | D:1      | Reached skill level 2 in Polearms
   119 | D:1      | HP: 4/15 [ooze (3)]
   122 | D:1      | Reached skill level 2 in Armour
   383 | D:1      | Gained mutation: You are partially covered in yellow scales. (AC +2) [demonic ancestry]
   383 | D:1      | Reached XP level 2. HP: 21/21 MP: 2/2
  1150 | D:2      | Gained mutation: You are immune to rotting. [demonic ancestry]
  1150 | D:2      | Reached XP level 3. HP: 25/26 MP: 3/3
  1244 | D:2      | Reached skill level 3 in Polearms
  1742 | D:2      | Gained mutation: You sometimes gain a little power by taking damage. [demonic ancestry]
  1742 | D:2      | Reached XP level 4. HP: 31/32 MP: 4/4
  2093 | D:3      | Noticed Robin
  2162 | D:2      | Killed Robin
  2545 | D:3      | Reached skill level 4 in Polearms
  2545 | D:3      | Reached skill level 3 in Armour
  2545 | D:3      | Reached XP level 5. HP: 14/37 MP: 5/5
  2568 | D:3      | HP: 10/37 [orc/flail (3)]
  2958 | D:3      | Noticed Terence
  2976 | D:3      | Killed Terence
  3116 | D:3      | Noticed Jessica
  3130 | D:3      | Killed Jessica
  3341 | D:3      | Noticed Ijyb
  3400 | D:3      | Killed Ijyb
  3692 | D:4      | Gained mutation: You may emit foul miasma when damaged in melee. [demonic ancestry]
  3692 | D:4      | Reached XP level 6. HP: 33/43 MP: 6/6
  3717 | D:4      | Found Xulit's Elemental Accessories.
  3745 | D:4      | Noticed p0werm0de's ghost (amateur OpEE)
  3786 | D:4      | Killed p0werm0de's ghost
  3786 | D:4      | Reached skill level 5 in Polearms
  3964 | D:4      | Reached skill level 4 in Armour
  4190 | D:4      | Found a staircase to the Ecumenical Temple.
  4207 | Temple   | Entered the Ecumenical Temple
  4225 | Temple   | Became a worshipper of Qazlal Stormbringer
  4398 | D:4      | Noticed Eustachio
  4427 | D:4      | Killed Eustachio
  4427 | D:4      | Reached XP level 7. HP: 17/48 MP: 7/7
  4699 | D:4      | Reached skill level 6 in Polearms
  5277 | D:5      | Entered Level 5 of the Dungeon
  5282 | D:5      | Found Sen Qoo's Distillery.
  5690 | D:5      | Found a snail-covered altar of Cheibriados.
  5692 | D:5      | Found a white marble altar of Elyvilon.
  5694 | D:5      | Found a bloodstained altar of Trog.
  5867 | D:5      | Reached skill level 7 in Polearms
  5867 | D:5      | Reached skill level 5 in Armour
  5938 | D:5      | Gained mutation: You are mostly covered in yellow scales. (AC +3) [demonic ancestry]
  5938 | D:5      | Reached XP level 8. HP: 54/54 MP: 8/8
  5993 | D:5      | Reached * piety under Qazlal
  6196 | D:5      | Found a blossoming altar of Fedhas.
  6293 | D:5      | Found a runed door.
  6297 | D:5      | Noticed Crazy Yiuf
  6312 | D:5      | Killed Crazy Yiuf
  6399 | D:6      | Found a shadowy altar of Dithmenos.
  6877 | D:6      | Reached skill level 8 in Polearms
  6930 | D:6      | Noticed Blork the orc
  6942 | D:6      | Killed Blork the orc
  7202 | D:6      | Found an ornate altar of the Wu Jian Council.
  7208 | D:6      | Found a sparkling altar of Nemelex Xobeh.
  7356 | D:6      | HP: 23/81 [orc wizard/magic dart (5)]
  7359 | D:6      | Reached skill level 6 in Armour
  7862 | D:7      | Noticed a hippogriff
  7875 | D:7      | Killed a hippogriff
  7914 | D:6      | HP: 16/54 [ogre/giant club (17)]
  7915 | D:6      | Reached skill level 9 in Polearms
  8165 | D:7      | Gained mutation: You have a pair of small horns on your head. [demonic ancestry]
  8165 | D:7      | Reached XP level 9. HP: 45/59 MP: 9/9
  8358 | D:7      | Noticed a two-headed ogre
  8393 | D:6      | HP: 17/59 [two-headed ogre/giant club (11)]
  8415 | D:6      | HP: 16/59 [two-headed ogre/giant club (5)]
  8418 | D:6      | Killed a two-headed ogre
  8418 | D:6      | Reached skill level 7 in Armour
  8746 | D:7      | Noticed a kobold demonologist
  8748 | D:7      | Noticed a sun demon
  8753 | D:7      | HP: 17/59 [sun demon[a kobold demonologist] (12)]
  8753 | D:7      | Slain by a sun demon

Vault maps used:
D:1:      dpeg_arrival_tiny_i
D:3:      columned_hall_lemuel, uniq_robin, uniq_ijyb, uniq_terence,
          uniq_jessica
D:4:      minmay_temple_entry_glass, first_bread, nicolae_elemental_shop,
          uniq_eustachio
D:5:      grunt_temple_overflow_open, serial_shops, kennysheep_mini,
          fedhas_bush_and_centaur_altar, uniq_crazy_yiuf_cottage
D:6:      nicolae_overflow_hidden_temple, dk_vineyard_2, uniq_blork_the_orc
D:7:      minmay_blocky_corners
Temple:   regret_index_temple_sphere_string

Skill      XL: |  1  2  3  4  5  6  7  8  9 |
---------------+----------------------------+-----
Polearms       | 2 3 4 5 7 9 |  9.9
Armour         | 2 3 4 5 6 7 |  7.1
Fighting       | |  1.0
Dodging        | |  1.7
Stealth        | |  1.0
Shields        | |  1.0
Evocations     | |  1.0

Action                   |  1- 3 |  4- 6 |  7- 9 || total
-------------------------+-------+-------+-------++-------
Melee: Spear             |   162 |   419 |   466 ||  1047
       Headbutt          |       |       |     8 ||     8
 Fire: Hunting sling     |       |     2 |    57 ||    59
Throw: Stone             |     4 |       |       ||     4
       Tomahawk          |       |     1 |     1 ||     2
Evoke: Wand              |       |     1 |     4 ||     5
  Use: Scroll            |     8 |     4 |     3 ||    15
       Potion            |       |       |     2 ||     2
  Eat: Chunk             |     3 |     8 |    14 ||    25
Armor: Ring mail         |     9 |       |       ||     9
       Chain mail        |    42 |   232 |   219 ||   493
Dodge: Dodged            |    43 |   167 |   132 ||   342
Block: Other             |       |       |    12 ||    12

Table legend:
 A = Spawn XP
 B = Non-spawn XP
 C = Spawn XP percentage of total XP
 D = Spawn monster count
 E = Non-spawn monster count
 F = Spawn count percentage of total count
 G = Total turns spent on level
                    A         B        C        D         E        F      G
               +---------+---------+-------+---------+---------+-------+---------
         Total |       0 |    3961 |   0.0 |       0 |     142 |   0.0 |  8753
               +---------+---------+-------+---------+---------+-------+---------
           D:1 |       0 |      32 |   0.0 |       0 |      14 |   0.0 |  1141
           D:2 |       0 |      91 |   0.0 |       0 |      22 |   0.0 |  1106
           D:3 |       0 |     310 |   0.0 |       0 |      38 |   0.0 |  1683
           D:4 |       0 |     513 |   0.0 |       0 |      14 |   0.0 |  1195
           D:5 |       0 |     787 |   0.0 |       0 |      16 |   0.0 |  1149
           D:6 |       0 |    1636 |   0.0 |       0 |      26 |   0.0 |  1888
           D:7 |       0 |     592 |   0.0 |       0 |      12 |   0.0 |   429
               +---------+---------+-------+---------+---------+-------+---------

Table legend:
 A = Turns spent in this place as a percentage of turns spent in the entire game.
 B = Non-inter-level travel turns spent in this place as a percentage of non-inter-level travel turns spent in the entire game.
 C = Inter-level travel turns spent in this place as a percentage of turns spent in this place.
 D = Turns resting spent in this place as a percentage of non-inter-level travel turns spent in this place.
 E = Turns spent auto-exploring this place as a percentage of non-inter-level travel turns spent in this place.
 F = Non-inter-level travel turns spent in this place divided by the number of levels of this place that you've seen.
                   A       B       C       D       E      F
               +-------+-------+-------+-------+-------+----------------------
         Total | 100.0 | 100.0 |   4.4 |  27.7 |  37.3 | 1046.4
       Dungeon |  98.1 |  98.4 |   4.1 |  28.1 |  36.4 | 1176.6
        Temple |   1.9 |   1.6 |  16.7 |   0.0 |  91.1 | 135.0
               +-------+-------+-------+-------+-------+----------------------

Vault maps used:
D:1:      dpeg_arrival_tiny_i
D:3:      columned_hall_lemuel, uniq_robin, uniq_ijyb, uniq_terence,
          uniq_jessica
D:4:      minmay_temple_entry_glass, first_bread, nicolae_elemental_shop,
          uniq_eustachio
D:5:      grunt_temple_overflow_open, serial_shops, kennysheep_mini,
          fedhas_bush_and_centaur_altar, uniq_crazy_yiuf_cottage
D:6:      nicolae_overflow_hidden_temple, dk_vineyard_2, uniq_blork_the_orc
D:7:      minmay_blocky_corners
Temple:   regret_index_temple_sphere_string
